 Dungeon Crawl Stone Soup version 0.30-a0-930-gb9d0489357 (webtiles) character file.

Game seed: 1783677433108543832

84 Dittersdorf the Covered (level 4, -4/36 HPs)
             Began as a Human Fighter on Mar 21, 2023.
             Killed by divine providence
             ... invoked by an orc priest
              (11 damage)
             ... on level 3 of the Dungeon on Mar 23, 2023.
             The game lasted 00:02:57 (2229 turns).

Dittersdorf the Covered (Human Fighter)             Turns: 2229, Time: 00:02:58

Health: -4/36      AC:  6    Str: 18    XL:     4   Next: 72%
Magic:  4/4        EV:  9    Int:  8    God:
Gold:   136        SH:  5    Dex: 13    Spells: 3/3 levels left

rFire   . . .      SeeInvis .    a - +0 long sword
rCold   . . .      Faith    .    c - +0 buckler
rNeg    . . .      Spirit   .    b - +0 scale mail
rPois   .          Reflect  .    (no helmet)
rElec   .          Rampage  .    (no cloak)
rCorr   +                        (no gloves)
Will    .....                    (no boots) Stlth
                                 (no amulet)
HPRegen 0.26/turn                o - ring of resist corrosion
MPRegen 0.09/turn                (no ring)

@: no status effects
A: no striking features
a: no special abilities


You were on level 3 of the Dungeon.
You visited 1 branch of the dungeon, and saw 3 of its levels.

You collected 136 gold pieces.

Inventory:

Hand Weapons
 a - a +0 long sword (weapon)
Armour
 b - a +0 scale mail (worn)
 c - a +0 buckler (worn)
Jewellery
 o - a ring of resist corrosion (left hand)
Scrolls
 f - a scroll of vulnerability {unknown}
 g - 2 scrolls of teleportation {unknown}
 h - a scroll of blinking {unknown}
 i - a scroll of magic mapping {unknown}
 j - a scroll of amnesia {unknown}
 k - a scroll of immolation {unknown}
 m - a scroll of identify {unknown}
 n - a scroll of enchant armour {unknown}
 q - a scroll of noise {unknown}
Potions
 d - a potion of might
 e - 4 potions of curing {unknown}
 l - a potion of resistance {unknown}
 p - a potion of haste {unknown}


   Skills:
 + Level 3.6 Fighting
 + Level 2.7 Long Blades
 + Level 3.6 Armour
 + Level 3.6 Shields


You had 3 spell levels left.
You didn't know any spells.
Your spell library was empty.

Dungeon Overview and Level Annotations

Branches:
Dungeon (3/15)

Altars:
Zin

Annotations:
D:3 1 runed translucent door, cforsyth's ghost, amateur HuFi


Message History

You hit the orc priest but do no damage.
The orc priest is severely wounded.
You block the orc priest's attack.
The orc priest hits you with a +2 whip of flaming.
The orc priest burns you.
You hit the orc priest but do no damage.
The orc priest is severely wounded.
The orc priest casts a cantrip, but nothing happens.
You hit the orc priest.
The orc priest is almost dead.
The orc priest looks satisfied for a moment.
You barely miss the orc priest.
The orc priest is almost dead.
The orc priest hits you with a +2 whip of flaming.
The orc priest burns you.
You closely miss the orc priest.
The orc priest is almost dead.
The orc priest hits you with a +2 whip of flaming.
* * * LOW HITPOINT WARNING * * *
The orc priest burns you.
* * * LOW HITPOINT WARNING * * *
The orc priest miscasts a cantrip.
You completely miss the orc priest.
The orc priest is almost dead.
The orc priest hits you with a +2 whip of flaming.
* * * LOW HITPOINT WARNING * * *
The orc priest burns you.
* * * LOW HITPOINT WARNING * * *
You hit the orc priest but do no damage.
The orc priest is almost dead.
The orc priest barely misses you.
You barely miss the orc priest.
The orc priest is almost dead.
The orc priest hits you but does no damage.
The orc priest casts a cantrip, but nothing happens.
You hit the orc priest but do no damage.
The orc priest is almost dead.
The orc priest invokes the aid of Beogh against you.
Beogh smites you!
You die...

.......'.#.......##.....##
....[..#.#........##...##.
.).....#.......#...##W##..
.......#....##..#...###...
###############..#......
##..#.... ######.#.##
...###...##...#
#.........@o.>#
#.##.##.#####...# #.# .#.#
... .#.# .#.# ## # .##..
.. ... .. .##


You could see an orc priest.

Vanquished Creatures
  3 adders (D:2)
  A dart slug (D:3)
  An orc (D:2)
  2 ball pythons
  5 bats
  7 endoplasms
  A giant cockroach (D:1)
  5 goblins
  8 hobgoblins
  4 jackals (D:2)
  A quokka (D:2)
  2 frilled lizards (D:1)
  3 kobolds
  4 rats
47 creatures vanquished.

Notes
Turn   | Place    | Note
-------+----------+-------------------------------------------
     0 | D:1      | Dittersdorf the Human Fighter began the quest for the Orb.
     0 | D:1      | Reached XP level 1. HP: 18/18 MP: 1/1
   131 | D:1      | Reached XP level 2. HP: 24/24 MP: 2/2
   623 | D:1      | Reached XP level 3. HP: 29/29 MP: 3/3
   639 | D:1      | Upgraded the game from 0.30-a0-920-g7493c07aab to
                  | 0.30-a0-930-gb9d0489357
   877 | D:1      | Found a glowing silver altar of Zin.
  1137 | D:2      | Found a faded altar of an unknown god.
  1172 | D:2      | Reached XP level 4. HP: 35/35 MP: 4/4
  1879 | D:3      | Found a runed translucent door.
  1879 | D:3      | Noticed cforsyth's ghost (amateur HuFi)
  2229 | D:3      | Killed from afar by an orc priest

Illustrated notes

Levels and vault maps discovered:
D:1:      dpeg_arrival_lava_altar, layout_loops_corners
D:2:      layout_loops_cross, ebering_ecumenical_altar_sacrificial,
          minmay_misc_feat_room, minmay_box_of_dots
D:3:      layout_basic, lemuel_round_altar, hellmonk_ghost_happy_afterlife,
          minmay_misc_feat_nine_boxes, hangedman_decor_clover_reticule,
          minmay_tree_intersection, kennysheep_generic_room_8, uniq_ijyb,
          uniq_natasha, uniq_crazy_yiuf_cottage

Action                     |  1- 3 |  4- 6 || total
---------------------------+-------+-------++-------
  Melee: Long sword        |    76 |    54 ||   130
 Armour: Scale mail        |    37 |    22 ||    59
  Dodge: Dodged            |    26 |    22 ||    48
  Block: Buckler           |    12 |    10 ||    22

Table legend: (Time is in decaauts)
 A = Elapsed time spent in this place.
 B = Non-inter-level travel time spent in this place.
 C = Inter-level travel time spent in this place.
 D = Time resting spent in this place.
 E = Time spent auto-exploring this place.
 F = Levels seen in this place.
 G = Mean time per level.
                   A        B        C        D        E       F      G
               +--------+--------+--------+--------+--------+-----+--------+
         Total |   2272 |   2216 |     56 |    459 |   1387 |   3 |  757.3 |
       Dungeon |   2272 |   2216 |     56 |    459 |   1387 |   3 |  757.3 |
               +--------+--------+--------+--------+--------+-----+--------+

Top non-repeatable levels by time:
     D:1: 937 daAuts
     D:2: 912 daAuts
     D:3: 422 daAuts
